 Dungeon Crawl Stone Soup version 0.21-a0-426-g98080a9 (webtiles) character file.

800 zewo the Basher (level 7, -10/40 HPs)
             Began as a Gargoyle Gladiator on Nov 7, 2017.
             Mangled by a two-headed ogre
             ... wielding a +0 giant club
              (21 damage)
             ... on level 8 of the Dungeon.
             The game lasted 00:11:35 (3988 turns).

zewo the Basher (Gargoyle Gladiator)                Turns: 3988, Time: 00:11:35

Health: -10/40     AC: 20    Str: 17    XL:     7   Next: 90%
Magic:  7/7        EV:  1    Int:  9    God:
Gold:   227        SH:  0    Dex: 13    Spells: 6/6 levels left

rFire    + + .     SeeInvis .   a - +1 flail
rCold    x . .     Gourm    .   (no shield)
rNeg     + . .     Faith    .   g - +0 crystal plate armour
rPois    ∞         Spirit   .   c - +0 helmet
rElec    +         Reflect  .   (no cloak)
rCorr    .         Harm     .   y - +0 pair of gloves
MR       .....                  (no boots)
Stlth    ..........             q - amulet of regeneration
HPRegen  0.53/turn              w - ring of protection from fire
MPRegen  0.10/turn              n - ring of fire

@: no status effects
A: negative energy resistance 1, electricity resistance, unbreathing,
petrification resistance, rot immunity, AC +4
a: no special abilities


You were on level 8 of the Dungeon.
You were not hungry.

You visited 1 branch of the dungeon, and saw 6 of its levels.

You collected 227 gold pieces.

Inventory:

Hand Weapons
 a - a +1 flail (weapon)
Missiles
 d - 3 throwing nets (quivered)
Armour
 c - a +0 helmet (worn)
 g - a +0 crystal plate armour (worn)
 y - a +0 pair of gloves (worn)
Jewellery
 i - an uncursed ring of stealth
 n - a ring of fire (right hand)
 q - an amulet of regeneration (around neck)
 w - a ring of protection from fire (left hand)
Scrolls
 j - 10 scrolls of identify
 k - 2 scrolls of remove curse
 o - a scroll of fog
 s - 3 scrolls of teleportation
 x - a scroll of enchant weapon
Potions
 b - a potion of agility {unknown}
 m - a potion of magic
 r - a potion of haste
 u - a potion of cancellation
Comestibles
 f - 4 bread rations
 h - 3 royal jellies
 v - 4 fruits


   Skills:
 - Level 2.1 Fighting
 + Level 9.1 Maces & Flails
 - Level 1.7 Throwing
 - Level 2.4 Dodging


You had 6 spell levels left.
You didn't know any spells.

Dungeon Overview and Level Annotations

Branches:
Dungeon (5/15)
 Temple: D:4-7

Altars:
Dithmenos
Trog
Uskayaw
Yredelemnul


Innate Abilities, Weirdness & Mutations

You are resistant to torment.
Your stone body is resilient. (AC +4)
You are immune to poison.
You resist negative energy. (rN+)
You are resistant to electric shocks. (rElec)
You can survive without breathing.
You are immune to petrification.
You are immune to rotting.


Message History

The scorpion is severely wounded.
The scorpion stings you.
You thump the scorpion!
You kill the scorpion!
Your Maces & Flails skill increases to level 9!
No target in view!
You fall through a shaft for 3 floors!
The shaft crumbles and collapses.
A two-headed ogre comes into view. It is wielding two giant clubs.
The two-headed ogre shouts in stereo!
Found a stone staircase leading up.
The two-headed ogre hits you with a giant club. x2
Found 14 stones.
Found a scroll of remove curse.
The two-headed ogre hits you with a giant club! x2
* * * LOW HITPOINT WARNING * * *
There is a stone staircase leading up here.
The two-headed ogre hits you with a giant club!!
Ouch! That really hurt!
You die...

#? .# #. .#
#. .# #.##
.# ..
..###.##....
#.##.....#
#.##.#
#....#
#@O###
#........#
..#####..#
##(. ##.# ..
#.. ...


You could see a two-headed ogre.

Vanquished Creatures
  The ghost of qqqbard the Magician, an amateur DEWz (D:3)
  A scorpion (D:5)
  3 killer bees (D:4)
  An orc priest (D:4)
  2 hounds (D:4)
  3 orc wizards
  A centaur skeleton (D:4)
  2 iguanas (D:5)
  3 worker ants (D:4)
  6 adders
  2 oozes (D:2)
  6 worms
  A dart slug (D:2)
  2 leopard geckos
  18 orcs
  8 bats
  6 giant cockroaches
  11 goblins
  6 hobgoblins
  4 jackals (D:3)
  4 quokkas
  4 ball pythons
  3 frilled lizards
  10 kobolds
  8 rats
  A plant (D:4)
117 creatures vanquished.

Notes
Turn   | Place    | Note
-------+----------+-------------------------------------------
     0 | D:1      | zewo the Gargoyle Gladiator began the quest for the Orb.
     0 | D:1      | Reached XP level 1. HP: 12/12 MP: 1/1
   127 | D:1      | Reached XP level 2. HP: 17/17 MP: 2/2
   286 | D:1      | Reached skill level 4 in Maces & Flails
   434 | D:1      | Reached XP level 3. HP: 21/21 MP: 3/3
   923 | D:2      | Found a shadowy altar of Dithmenos.
   923 | D:2      | Found a hide-covered altar of Uskayaw.
  1281 | D:2      | Reached XP level 4. HP: 21/26 MP: 4/4
  1557 | D:2      | Reached skill level 5 in Maces & Flails
  1848 | D:3      | Reached XP level 5. HP: 24/30 MP: 5/5
  2037 | D:3      | Noticed qqqbard's ghost (amateur DEWz)
  2046 | D:3      | Killed qqqbard's ghost
  2046 | D:3      | Reached skill level 6 in Maces & Flails
  2046 | D:3      | Reached XP level 6. HP: 27/35 MP: 6/6
  2500 | D:3      | Reached skill level 7 in Maces & Flails
  2905 | D:3      | Noticed a moth of wrath
  2907 | D:3      | Found a bloodstained altar of Trog.
  3233 | D:4      | Reached XP level 7. HP: 38/40 MP: 7/7
  3374 | D:4      | Reached skill level 8 in Maces & Flails
  3726 | D:4      | Found a basalt altar of Yredelemnul.
  3937 | D:5      | Entered Level 5 of the Dungeon
  3983 | D:5      | Reached skill level 9 in Maces & Flails
  3984 | D:5      | You fall through a shaft for 3 floors!
  3984 | D:8      | Noticed a two-headed ogre
  3988 | D:8      | Mangled by a two-headed ogre

Vault maps used:
D:1:      minmay_arrival_five_plusses
D:2:      gammafunk_temple_overflow_wave, minmay_pentomino_u2
D:3:      tgw_trog, first_bread, solitary_fountain
D:4:      old_standard_altar, serial_bayou, serial_bayou_shore_a,
          serial_bayou_shore_b, serial_bayou_crossing, serial_bayou_pond_d,
          serial_bayou_pond_a
D:5:      minmay_temple_entry_statues_pillars, nicolae_ossuary_entry_monument,
          serial_shops, shop
D:8:      nicolae_overflow_hidden_temple, marbit_many_paths, serial_shops,
          nicolae_shop_crystal

Skill      XL: |  1  2  3  4  5  6  7 |
---------------+----------------------+-----
Maces & Flails | 4 5 6 7 9 |  9.1
Fighting       | |  2.1
Throwing       | |  1.7
Dodging        | |  2.4

Action                   |  1- 3 |  4- 6 |  7- 9 || total
-------------------------+-------+-------+-------++-------
Melee: Flail             |   129 |   255 |   209 ||   593
  Use: Scroll            |       |    11 |     1 ||    12
       Potion            |       |     1 |     1 ||     2
  Eat: Chunk             |     1 |     6 |     4 ||    11
Armor: Chain mail        |    93 |   147 |       ||   240
       Crystal plate arm |       |    63 |   255 ||   318
Dodge: Dodged            |    51 |    63 |    17 ||   131

Table legend:
 A = Spawn XP
 B = Non-spawn XP
 C = Spawn XP percentage of total XP
 D = Spawn monster count
 E = Non-spawn monster count
 F = Spawn count percentage of total count
 G = Total turns spent on level
                    A         B        C        D         E        F      G
               +---------+---------+-------+---------+---------+-------+---------
         Total |       0 |    1143 |   0.0 |       0 |     116 |   0.0 |  3988
               +---------+---------+-------+---------+---------+-------+---------
           D:1 |       0 |      38 |   0.0 |       0 |      23 |   0.0 |   875
           D:2 |       0 |      80 |   0.0 |       0 |      21 |   0.0 |  1128
           D:3 |       0 |     344 |   0.0 |       0 |      47 |   0.0 |  1058
           D:4 |       0 |     536 |   0.0 |       0 |      22 |   0.0 |   876
           D:5 |       0 |     145 |   0.0 |       0 |       3 |   0.0 |    47
               +---------+---------+-------+---------+---------+-------+---------
